 Dungeon Crawl Stone Soup version 0.28-a0-1429-gf3d713df7a (webtiles) character file.

Game seed: 14511753721770187509

46 croobank the Vexing (level 3, -1/28 HPs)
             Began as a Gnoll Arcane Marksman on Jan 8, 2022.
             Slain by an adder (5 damage)
             ... on level 2 of the Dungeon.
             The game lasted 00:07:00 (1405 turns).

croobank the Vexing (Gnoll Arcane Marksman)         Turns: 1405, Time: 00:07:00

Health: -1/28      AC:  2    Str: 11    XL:     3   Next: 66%
Magic:  6/7        EV: 13    Int: 12    God:
Gold:   82         SH:  0    Dex: 12    Spells: 3/7 levels left

rFire   . . .      SeeInvis .   a - +0 dagger
rCold   + . .      Faith    .   (no shield)
rNeg    . . .      Spirit   .   d - +0 robe
rPois   .          Reflect  .   (no helmet)
rElec   .          Harm     .   (no cloak)
rCorr   .          Rampage  .   (no gloves)
Will    .....                   (no boots)
Stlth   +.........              (no amulet)
HPRegen 0.09/turn               n - ring of protection from cold
MPRegen 0.10/turn               (no ring)

@: brilliant, lethally poisoned (-1 -> -6), flying
A: fangs 1, strong nose, distributed training
a: no special abilities


You were on level 2 of the Dungeon.
You visited 1 branch of the dungeon, and saw 2 of its levels.

You collected 82 gold pieces.

Inventory:

Hand Weapons
 a - a +0 dagger (weapon)
 b - a +0 hand crossbow
Missiles
 c - 23 sling bullets
 j - 30 stones (quivered)
 o - 3 javelins
Armour
 d - a +0 robe (worn)
Jewellery
 k - a ring of magical power
 n - a ring of protection from cold (left hand)
Scrolls
 e - a scroll of fear {unknown}
 h - a scroll of noise {unknown}
 i - a scroll of holy word {unknown}
 p - a scroll of summoning {unknown}
Potions
 f - a potion of flight


   Skills:
 + Level 2.6 Fighting
 + Level 0.9 Short Blades
 + Level 0.9 Long Blades
 + Level 0.9 Axes
 + Level 0.9 Maces & Flails
 + Level 0.9 Polearms
 + Level 0.9 Staves
 + Level 0.9 Slings
 + Level 0.9 Bows
 + Level 4.5 Crossbows
 + Level 0.9 Throwing
 + Level 0.9 Armour
 + Level 4.5 Dodging
 + Level 0.9 Stealth
 + Level 0.9 Shields
 + Level 0.9 Unarmed Combat
 + Level 2.8 Spellcasting
 + Level 0.6 Conjurations
 + Level 5.4 Hexes
 + Level 0.6 Summonings
 + Level 0.6 Necromancy
 + Level 0.6 Translocations
 + Level 0.6 Transmutations
 + Level 0.6 Fire Magic
 + Level 0.6 Ice Magic
 + Level 0.6 Air Magic
 + Level 0.6 Earth Magic
 + Level 0.6 Poison Magic
 + Level 1.0 Invocations
 + Level 0.9 Evocations


You had 3 spell levels left.
You knew the following spells:

 Your Spells              Type           Power      Damage    Failure   Level
a - Slow                  Hex            88%        N/A       2%          1
b - Summon Guardian Gole  Hex/Summ       13%        N/A       22%         3

Your spell library contained the following spells:

 Spells                   Type           Power      Damage    Failure   Level
 Summon Small Mammal      Summ           16%        N/A       19%         1
 Inner Flame              Hex/Fire       13%        N/A       22%         3
 Portal Projectile        Hex/Tloc       26%        N/A       22%         3
 Call Canine Familiar     Summ           4%         N/A       50%         3
 Ignite Poison            Fire/Tmut/Pois 4%         N/A       50%         3
 Mephitic Cloud           Conj/Pois/Air  4%         N/A       50%         3
 Cause Fear               Hex            11%        N/A       26%         4
 Freezing Cloud           Conj/Ice/Air   2%         6-21      99%         5


Dungeon Overview and Level Annotations

Branches:
Dungeon (2/15)

Altars:

Shops:
D:2 (

Annotations:
D:2 Sigmund


Innate Abilities, Weirdness & Mutations

You have very sharp teeth.
Your uncanny sense of smell can sniff out nearby items.
Your experience applies equally to all skills.


Message History

It was a potion of curing.
You feel better. The adder barely misses you.
You aren't carrying any items that you can evoke.
Casting: Slow (safe; 2% risk of failure)
Confirm with . or Enter, or press ? or * to list all spells.
The spell is quite dangerous to miscast (22% risk of failure)!
Continue anyway?
You feel a surge of power!
A guardian golem appears, shielding your allies.
The adder bites you.
You are poisoned.
The adder poisons you! Sigmund closely misses you. The adder bites you.
Fire: bolt
Press: ? - help, Q - select action, (/) - cycle Shift-Dir - straight line, f - adder
Aim: an adder (48% to hit)
You shoot a bolt. The bolt closely misses the adder.
The bolt completely misses the worm.
You feel sick. The adder barely misses you. Sigmund barely misses you.
You feel sick.
a - a +0 dagger (weapon)
The adder bites you but does no damage.
You miss the adder. Your punch misses the adder.
You bite the adder, but do no damage.
You feel sick. The adder bites you.
Found 13 gold pieces and a glowing ruby potion.
You feel sick. The adder closely misses you.
You hit the adder.
The adder is lightly wounded.
You feel sick.
You are no longer poisoned.
The adder closely misses you.
You barely miss the adder.
The adder is lightly wounded.
The adder bites you.
You are poisoned.
The adder poisons you!
Sigmund is suddenly surrounded by pale green light.
Sigmund barely misses you.
* * * LOW HITPOINT WARNING * * *
You feel sick. The adder bites you.
* * * LOW HITPOINT WARNING * * *
The worm misses you. The adder bites you.
You die...

#.#........ #.#........
#.#........ #.#####....
#####..####.... ∆
...........>...
..#############..###....
#$..........###.###†...
#.....@S...)###..##.###
#......w@........##.#
#.......9...####.##.#
#...........# #..#.#
#...........# ##.#.#
.............# #...#
##!..........# ##..#
#........$..# #..###
#..!......# ##.).†


You could see Sigmund (slow, ally target), a worm, an adder and a friendly
guardian golem (summoned).

Vanquished Creatures
  3 dart slugs
  3 ball pythons (D:1)
  4 endoplasms (D:1)
  2 giant cockroaches
  A goblin (D:1)
  4 hobgoblins
  6 jackals (D:1)
  2 quokkas (D:1)
  4 kobolds
  3 rats
32 creatures vanquished.

Notes
Turn   | Place    | Note
-------+----------+-------------------------------------------
     0 | D:1      | croobank the Gnoll Arcane Marksman began the quest for the
                  | Orb.
     0 | D:1      | Reached XP level 1. HP: 17/17 MP: 4/4
    94 | D:1      | Reached XP level 2. HP: 17/23 MP: 5/5
   346 | D:1      | Reached XP level 3. HP: 12/28 MP: 7/7
   702 | D:1      | Found a faded altar of an unknown god.
  1197 | D:2      | Found Xorilug's Weapon Boutique.
  1237 | D:2      | Reached skill level 1 in Invocations
  1281 | D:2      | Learned a level 3 spell: Summon Guardian Golem
  1382 | D:2      | Noticed Sigmund
  1405 | D:2      | Slain by an adder

Illustrated notes

Levels and vault maps discovered:
D:1:      matt_arrival_diagonals, layout_basic,
          shapermc_ecumenical_altar_acropolis, grunt_decor_mini_mirrors
D:2:      layout_basic, serial_shops, shop, uniq_sigmund,
          uniq_crazy_yiuf_cottage

Skill      XL: |  1  2  3 |
---------------+----------+-----
Invocations    | 1 |  1.0
Fighting       | |  2.6
Short Blades   | |  0.9
Long Blades    | |  0.9
Axes           | |  0.9
Maces & Flails | |  0.9
Polearms       | |  0.9
Staves         | |  0.9
Slings         | |  0.9
Bows           | |  0.9
Crossbows      | |  4.5
Throwing       | |  0.9
Armour         | |  0.9
Dodging        | |  4.5
Stealth        | |  0.9
Shields        | |  0.9
Unarmed Combat | |  0.9
Spellcasting   | |  2.8
Conjurations   | |  0.6
Hexes          | |  5.4
Summonings     | |  0.6
Necromancy     | |  0.6
Translocations | |  0.6
Transmutations | |  0.6
Fire Magic     | |  0.6
Ice Magic      | |  0.6
Air Magic      | |  0.6
Earth Magic    | |  0.6
Poison Magic   | |  0.6
Evocations     | |  0.9

Action                   || total
-------------------------++-------
Melee: Dagger            ||    22
       Bite              ||     4
 Fire: Hand crossbow     ||    72
Throw: Stone             ||     1
 Cast: Slow              ||     3
       Summon Guardian G ||     1
  Use: Potion            ||     4
Armor: Robe              ||     6
Dodge: Dodged            ||    57

Table legend: (Time is in decaauts)
 A = Elapsed time spent in this place.
 B = Non-inter-level travel time spent in this place.
 C = Inter-level travel time spent in this place.
 D = Time resting spent in this place.
 E = Time spent auto-exploring this place.
 F = Levels seen in this place.
 G = Mean time per level.
                   A        B        C        D        E       F      G
               +--------+--------+--------+--------+--------+-----+--------+
         Total |   1421 |   1391 |     30 |    222 |    869 |   2 |  710.5 |
       Dungeon |   1421 |   1391 |     30 |    222 |    869 |   2 |  710.5 |
               +--------+--------+--------+--------+--------+-----+--------+

Top non-repeatable levels by time:
     D:1: 1160 daAuts
     D:2: 261 daAuts
